 Dungeon Crawl Stone Soup version 0.26-a0-962-g9b92081034 (webtiles) character file.

Game seed: 13800113501733321886

257 KristoblXynda the Slasher (level 5, -2/46 HPs)
             Began as a Draconian Gladiator on Dec 2, 2020.
             Was an Initiate of Yredelemnul.
             Slain by an orc
             ... wielding a +0 flail
              (4 damage)
             ... on level 4 of the Dungeon.
             The game lasted 00:04:07 (3370 turns).

KristoblXynda the Slasher (Draconian Gladiator)     Turns: 3370, Time: 00:04:08

Health: -2/46      AC:  5    Str: 17    XL:     5   Next: 93%
Magic:  5/5        EV: 13    Int: 15    God:    Yredelemnul [......]
Gold:   213        SH:  5    Dex: 12    Spells: 4/4 levels left

rFire    . . .     SeeInvis .   a - +0 long sword
rCold    + . .     Faith    .   (no shield)
rNeg     . . .     Spirit   .   (armour unavailable)
rPois    .         Reflect  +   b - +0 hat
rElec    .         Harm     .   (no cloak)
rCorr    .         Rampage  .   (no gloves)
MR       .....                  (no boots)
Stlth    +.........             i - amulet of reflection
HPRegen  0.15/turn              l - +6 ring of intelligence
MPRegen  0.09/turn              n - ring of protection from cold

@: no status effects
A: unfitting armour, cold-blooded, AC +5
a: Renounce Religion


You were on level 4 of the Dungeon.
You worshipped Yredelemnul.
Yredelemnul was noncommittal.
You visited 1 branch of the dungeon, and saw 4 of its levels.

You collected 213 gold pieces.

Inventory:

Hand Weapons
 a - a +0 long sword (weapon)
Missiles
 c - 3 throwing nets (quivered)
Armour
 b - a +0 hat (worn)
Jewellery
 g - an uncursed ring of resist corrosion
 i - an amulet of reflection (around neck)
 l - a +6 ring of intelligence (left hand)
 n - a ring of protection from cold (right hand)
Wands
 q - a wand of paralysis (9)
Scrolls
 f - a scroll of identify
 h - 2 scrolls of teleportation {unknown}
 o - a scroll of amnesia {unknown}
 p - 2 scrolls of enchant weapon {unknown}
 t - 2 scrolls of random uselessness {unknown}
 v - a scroll of magic mapping {unknown}
Potions
 d - 3 potions of haste
 e - a potion of lignification {unknown}
 m - a potion of brilliance {unknown}
 r - a potion of might {unknown}
 s - a potion of attraction {unknown}


   Skills:
 + Level 3.8 Fighting
 * Level 5.0 Long Blades
 - Level 2.0 Throwing
 + Level 3.8 Dodging


You had 4 spell levels left.
You didn't know any spells.
Your spell library was empty.

Dungeon Overview and Level Annotations

Branches:
Dungeon (4/15)
 Temple: D:4-7

Altars:
Dithmenos
Uskayaw
Yredelemnul


Innate Abilities, Weirdness & Mutations

Your plain brown scales are hard. (AC +5)
You cannot fit into any form of body armour.
You are cold-blooded and may be slowed by cold attacks.


Message History

Press: ? - help, Shift-Dir - straight line Nothing appears to happen.
You hear some strange, mumbled words.
Something tries to affect you, but you resist.
Unknown command.
You barely miss something. Something hits you.
* * * LOW HITPOINT WARNING * * *
The orc hits you but does no damage.
You hear some strange, mumbled words.
A magic dart appears from out of thin air!
The magic dart hits you.
* * * LOW HITPOINT WARNING * * *
Things that are here:
a +0 trident; a jackal corpse; an orc corpse Evoke which item? (* to show all) (? for menu, Esc to quit)
Aiming: Paralyse
Press: ? - help, Shift-Dir - straight line Nothing appears to happen.
The orc hits you with a +0 flail.
You die...
Your body rises from the dead as a mindless zombie.

#.####....#8...
...
#.......####...
... ##.####.#
##8.. ... #.
#...# ##_ #8#
#.##...#+### ##
#####...........
#...............
..####.{...###...
#@###.# ##
#o..##.?
...#..#.# ...##
###.# ....# .#
...##. ##.. . ##.
.


You could see an orc.

Vanquished Creatures
  An iguana (D:4)
  2 worker ants
  Terence (D:3)
  Robin (D:3)
  3 gnolls (D:2)
  3 adders (D:2)
  2 worms (D:2)
  3 leopard geckos
  6 orcs
  A giant cockroach (D:1)
  10 hobgoblins
  8 jackals
  A quokka (D:2)
  2 ball pythons (D:2)
  6 bats
  A frilled lizard (D:4)
  16 goblins
  9 kobolds
  A leopard gecko skeleton (D:4)
  4 rats
81 creatures vanquished.

Notes
Turn   | Place    | Note
-------+----------+-------------------------------------------
     0 | D:1      | KristoblXynda the Draconian Gladiator began the quest for
                  | the Orb.
     0 | D:1      | Reached XP level 1. HP: 17/17 MP: 1/1
   351 | D:1      | Reached XP level 2. HP: 23/25 MP: 2/2
   988 | D:2      | Reached XP level 3. HP: 30/30 MP: 3/3
  1224 | D:2      | Reached skill level 4 in Long Blades
  1224 | D:2      | Reached XP level 4. HP: 17/38 MP: 4/4
  2211 | D:3      | Found a basalt altar of Yredelemnul.
  2221 | D:3      | Became a worshipper of Yredelemnul the Dark
  2233 | D:3      | Noticed Robin
  2237 | D:3      | Reached XP level 5. HP: 38/45 MP: 5/5
  2628 | D:3      | Killed Robin
  2804 | D:3      | Noticed Terence
  2813 | D:3      | Killed Terence
  3252 | D:4      | Found a shadowy altar of Dithmenos.
  3334 | D:4      | Found a hide-covered altar of Uskayaw.
  3356 | D:4      | Reached skill level 5 in Long Blades
  3369 | D:4      | HP: 1/46 [something/magic dart (3)]
  3370 | D:4      | Slain by an orc

Illustrated notes

Levels and vault maps discovered:
D:1:      sevenhm_arrival_forest_fort_small_6, layout_basic
D:2:      layout_basic
D:3:      layout_basic, lemuel_crystal_altar, uniq_robin, uniq_terence
D:4:      kennysheep_big_flooded_room, layout_basic,
          nicolae_overflow_hidden_temple, kennysheep_mini_moat,
          minmay_temple_entry_large_hall, minmay_pentomino_pile, uniq_duvessa

Skill      XL: |  1  2  3  4  5 |
---------------+----------------+-----
Throwing       | 2 |  2.0
Dodging        | 3 |  3.8
Fighting       | 3 |  3.8
Long Blades    | 4 5 |  5.0

Action                   |  1- 3 |  4- 6 || total
-------------------------+-------+-------++-------
Melee: Long sword        |    96 |   124 ||   220
       Tailslap          |     8 |    15 ||    23
Evoke: Wand              |       |     2 ||     2
  Use: Scroll            |     1 |     2 ||     3
       Potion            |       |     1 ||     1
 Stab: Sleeping          |     1 |       ||     1
Armor: Skin              |    30 |    29 ||    59
Dodge: Dodged            |    71 |    97 ||   168
Block: Other             |    23 |    32 ||    55
       Reflection        |     3 |       ||     3
       Rpst.: Long sword |    19 |    24 ||    43

Table legend: (Time is in decaauts)
 A = Elapsed time spent in this place.
 B = Non-inter-level travel time spent in this place.
 C = Inter-level travel time spent in this place.
 D = Time resting spent in this place.
 E = Time spent auto-exploring this place.
 F = Levels seen in this place.
 G = Mean time per level.
                   A        B        C        D        E       F      G
               +--------+--------+--------+--------+--------+-----+--------+
         Total |   3411 |   3343 |     68 |    861 |   1878 |   4 |  852.8 |
       Dungeon |   3411 |   3343 |     68 |    861 |   1878 |   4 |  852.8 |
               +--------+--------+--------+--------+--------+-----+--------+

Top non-repeatable levels by time:
     D:2: 1871 daAuts
     D:1: 732 daAuts
     D:3: 653 daAuts
     D:4: 153 daAuts
